 Dungeon Crawl Stone Soup version 0.22-a0-480-g991dd4b (webtiles) character file.

128 Laiders72 the Skirmisher (level 5, 0/43 HPs)
             Began as a Formicid Fighter on June 15, 2018.
             Killed by nerve-wracking pain
             ... invoked by an orc priest
              (13 damage)
             ... on level 2 of the Dungeon.
             The game lasted 00:04:53 (2694 turns).

Laiders72 the Skirmisher (Formicid Fighter)         Turns: 2694, Time: 00:04:54

Health: 0/43       AC:  7    Str: 21    XL:     5   Next: 34%
Magic:  5/5        EV:  8    Int:  8    God:
Gold:   104        SH:  9    Dex: 10    Spells: 4/4 levels left

rFire    + . .     SeeInvis +   a - +1 flail
rCold    . . .     Gourm    .   c - +0 shield
rNeg     . . .     Faith    .   q - +0 scale mail {rPois}
rPois    +         Spirit   .   (helmet unavailable)
rElec    .         Reflect  .   (no cloak)
rCorr    .         Harm     .   (no gloves)
MR       .....                  (no boots)
Stlth    ..........             (no amulet)
HPRegen  0.14/turn              n - ring of protection from fire
MPRegen  0.09/turn              (no ring)

@: no status effects
A: permanent stasis, dig shafts and tunnels, four strong arms, antennae 3
a: Dig, Shaft Self


You were on level 2 of the Dungeon.
You were not hungry.

You visited 1 branch of the dungeon, and saw 3 of its levels.

You collected 104 gold pieces.

Inventory:

Hand Weapons
 a - a +1 flail (weapon)
Armour
 c - a +0 shield (worn)
 q - a +0 scale mail of poison resistance (worn)
Jewellery
 j - an uncursed amulet of the acrobat {unknown}
 n - a ring of protection from fire (left hand)
Wands
 p - a wand of polymorph (1)
Scrolls
 b - a scroll of fear
Potions
 d - a potion of might
 e - a potion of haste {unknown}
 g - 3 potions of curing
 h - a potion of magic {unknown}
 i - a potion of lignification {unknown}
 k - a potion of agility {unknown}
 l - a potion of brilliance {unknown}
 m - a potion of heal wounds {unknown}
Comestibles
 f - 6 rations
 o - a chunk of flesh


   Skills:
 * Level 4.4 Fighting
 * Level 3.3 Maces & Flails
 + Level 3.9 Armour
 + Level 4.3 Shields


You had 4 spell levels left.
You didn't know any spells.
Your spell library was empty.

Dungeon Overview and Level Annotations

Branches:
Dungeon (3/15)

Altars:


Innate Abilities, Weirdness & Mutations

You cannot be hasted, slowed, berserked, paralysed or teleported.
You can dig through walls and to a lower floor.
Your four strong arms can wield two-handed weapons with a shield.
You have a pair of large antennae on your head. (SInv)


Message History

You barely miss the orc priest.
The orc priest is almost dead.
The orc priest barely misses you. The orc hits you but does no damage.
You closely miss the orc priest.
The orc priest is almost dead.
The orc priest barely misses you. The orc closely misses you.
You block the orc priest's attack.
You hit the orc priest but do no damage.
The orc priest is almost dead.
You block the orc's attack. The orc priest hits you with a dagger.
The orc hits you with a club.
You closely miss the orc priest.
The orc priest is almost dead.
You block the orc priest's attack. The orc hits you with a club.
* * * LOW HITPOINT WARNING * * *
You barely miss the orc priest.
The orc priest is almost dead.
The orc priest mumbles some strange prayers to Beogh against you.
Pain shoots through your body!
You die...

#.......# #.# ####.####
#.########## ##.######
#..........#
########.....(.##########.#.##.#
#....(....####.#......(##.#.##.##
......##.#####.#.#####.##.#......
......>...#.........##.##.####.##
......##..#.##.#o##.##.##?####.#
............##.#@##.##.##......#
......##.......#o)<....#########
......###.#####.......##
......###.### #.###.#.#
##.#.##..)..# #.###.#.#
##.#.##.....# #.##..#.#
##.#.##.....# #.##.##.#
##.#.##.....# #.......#
.....##.....# ####.####


You could see an orc priest and an orc.

Vanquished Creatures
  Ijyb (D:3)
  Terence (D:3)
  4 adders
  A worm (D:2)
  2 leopard geckos
  3 orcs (D:2)
  6 bats
  A giant cockroach (D:2)
  7 hobgoblins
  A quokka (D:2)
  3 frilled lizards
  4 goblins
  2 kobolds
  3 rats
39 creatures vanquished.

Notes
Turn   | Place    | Note
-------+----------+-------------------------------------------
     0 | D:1      | Laiders72 the Formicid Fighter began the quest for the Orb.
     0 | D:1      | Reached XP level 1. HP: 18/18 MP: 1/1
   292 | D:1      | Reached XP level 2. HP: 12/24 MP: 2/2
  1369 | D:2      | HP: 1/24 [worm (4)]
  1706 | D:2      | Reached XP level 3. HP: 30/30 MP: 3/3
  2080 | D:2      | You fall through a shaft!
  2088 | D:3      | Reached XP level 4. HP: 34/37 MP: 4/4
  2162 | D:3      | Noticed Ijyb
  2162 | D:3      | Noticed Terence
  2230 | D:3      | Killed Ijyb
  2231 | D:3      | Killed Terence
  2231 | D:3      | Reached XP level 5. HP: 28/42 MP: 5/5
  2694 | D:2      | Killed from afar by an orc priest

Vault maps used:
D:1:      minmay_arrival_open_corners, roderic_serpentine_path
D:3:      lemuel_round_altar, overflow_temple_1_default, uniq_ijyb,
          uniq_jessica, uniq_terence

Skill      XL: |  1  2  3  4 |
---------------+-------------+-----
Shields        | 4 |  4.3
Fighting       | 4 |  4.4
Maces & Flails | 3 |  3.3
Armour         | |  3.9

Action                   |  1- 3 |  4- 6 || total
-------------------------+-------+-------++-------
Melee: Flail             |   140 |    77 ||   217
       Unarmed           |       |    54 ||    54
  Use: Scroll            |     7 |     1 ||     8
 Stab: Confused          |       |     1 ||     1
  Eat: Chunk             |     3 |     3 ||     6
Armor: Scale mail        |    69 |    32 ||   101
       Skin              |       |     1 ||     1
Dodge: Dodged            |    53 |    63 ||   116
Block: Shield            |    82 |    45 ||   127

Table legend:
 A = Spawn XP
 B = Non-spawn XP
 C = Spawn XP percentage of total XP
 D = Spawn monster count
 E = Non-spawn monster count
 F = Spawn count percentage of total count
 G = Total turns spent on level
                    A         B        C        D         E        F      G
               +---------+---------+-------+---------+---------+-------+---------
         Total |       0 |     184 |   0.0 |       0 |      39 |   0.0 |  2694
               +---------+---------+-------+---------+---------+-------+---------
           D:1 |       0 |      15 |   0.0 |       0 |       9 |   0.0 |  1083
           D:2 |       0 |      61 |   0.0 |       0 |      19 |   0.0 |  1208
           D:3 |       0 |     108 |   0.0 |       0 |      11 |   0.0 |   403
               +---------+---------+-------+---------+---------+-------+---------
